 Dungeon Crawl Stone Soup version 0.28-b1-70-g80dc712255 (webtiles) character file.

Game seed: 14575125924249243892

16 Sharkman1231 the Skirmisher (level 2, 0/24 HPs)
             Began as a Demonspawn Berserker on Feb 4, 2022.
             Was a Follower of Trog.
             Slain by a quokka (2 damage)
             ... on level 1 of the Dungeon.
             The game lasted 00:00:25 (489 turns).

Sharkman1231 the Skirmisher (Demonspawn Berserker)   Turns: 489, Time: 00:00:25

Health: 0/24       AC:  5    Str: 17    XL:     2   Next: 41%
Magic:  2/2        EV: 11    Int:  8    God:    Trog [*.....]
Gold:   20         SH:  0    Dex: 12    Spells: 1/1 levels left

rFire   . . .      SeeInvis .   a - +0 mace
rCold   . . .      Faith    .   (no shield)
rNeg    . . .      Spirit   .   c - +0 ring mail
rPois   .          Reflect  .   (no helmet)
rElec   .          Harm     .   (no cloak)
rCorr   .          Rampage  .   (no gloves)
Will    .....                   (no boots)
Stlth   +.........              (no amulet)
HPRegen 0.08/turn               (no ring)
MPRegen 0.08/turn               (no ring)

@: no status effects
A: powered by pain 1
a: Renounce Religion, Berserk


You were on level 1 of the Dungeon.
You worshipped Trog.
Trog was aware of your devotion.
You visited 1 branch of the dungeon, and saw 1 of its levels.

You collected 20 gold pieces.

Inventory:

Hand Weapons
 a - a +0 mace (weapon)
Armour
 c - a +0 ring mail (worn)
Scrolls
 b - a scroll of teleportation {unknown}
 e - a scroll of noise {unknown}
Potions
 d - 2 potions of curing {unknown}


   Skills:
 + Level 3.2 Fighting
 * Level 3.1 Maces & Flails
 + Level 1.9 Armour
 + Level 1.9 Dodging


You had one spell level left.
You didn't know any spells.
Your spell library was empty.

Dungeon Overview and Level Annotations

Branches:
Dungeon (1/15)

Altars:


Innate Abilities, Weirdness & Mutations

You sometimes gain a little power by taking damage.


Message History

The bat is severely wounded.
The bat closely misses you. The bat misses you.
A quokka comes into view.
The bat hits you. The kobold hits you with a +0 whip.
You hit the bat.
You kill the bat!
Trog accepts your kill.
A bat comes into view.
The kobold hits you with a +0 whip.
The bat moves out of view.
You barely miss the quokka. The quokka closely misses you.
The kobold hits you with a +0 whip.
You are too injured to fight recklessly!
You are too injured to fight recklessly!
You are too injured to fight recklessly!
You are too injured to fight recklessly!
You are too injured to fight recklessly!
You are too injured to fight recklessly!
You are too injured to fight recklessly!
You are too injured to fight recklessly!
You are too injured to fight recklessly!
You are too injured to fight recklessly!
You are too injured to fight recklessly!
You are too injured to fight recklessly!
You are too injured to fight recklessly!
You are too injured to fight recklessly!
You are too injured to fight recklessly!
You hit the quokka but do no damage. The quokka bites you.
The kobold hits you but does no damage. The quokka bites you.
* * * LOW HITPOINT WARNING * * *
You closely miss the kobold. The kobold hits you with a +0 whip.
* * * LOW HITPOINT WARNING * * *
The quokka barely misses you.
You thump the kobold!
You kill the kobold!
Trog accepts your kill. The quokka closely misses you. The quokka misses you.
You hit the quokka.
The quokka is severely wounded.
The quokka bites you.
You die...

##....## #..#.# #
##.[.## ##.##.#
#.##....### ##..#..#
#....#....###..##.##
#.##......#...##..# #
#..†.....###..##### #
##....####........#
###..######...........#
......r@....###.......#
[###.##)..### #....####
#...# ###### #...#
#.### ..# ...# #...#


You could see a quokka.

Vanquished Creatures
  2 ball pythons (D:1)
  2 goblins (D:1)
  2 hobgoblins (D:1)
  3 kobolds (D:1)
  3 bats (D:1)
  A frilled lizard (D:1)
  3 rats (D:1)
16 creatures vanquished.

Notes
Turn   | Place    | Note
-------+----------+-------------------------------------------
     0 | D:1      | Sharkman1231 the Demonspawn Berserker began the quest for
                  | the Orb.
     0 | D:1      | Reached XP level 1. HP: 18/18 MP: 1/1
   291 | D:1      | Gained mutation: You sometimes gain a little power by
                  | taking damage. [demonic ancestry]
   291 | D:1      | Reached XP level 2. HP: 24/24 MP: 2/2
   489 | D:1      | Slain by a quokka

Illustrated notes

Levels and vault maps discovered:
D:1:      dpeg_arrival_round_b, layout_basic

Skill      XL: |  1 |
---------------+----+-----
Maces & Flails | 3 |  3.1
Fighting       | |  3.2
Armour         | |  1.9
Dodging        | |  1.9

Action                   || total
-------------------------++-------
Melee: Mace              ||    42
Armor: Ring mail         ||    12
       Animal skin       ||     3
Dodge: Dodged            ||    34
